 Dungeon Crawl Stone Soup version 0.28.0-45-g0d030f2227 (webtiles) character file.

Game seed: 5655597141526394154

109 DasRunzen the Ducker (level 5, -6/38 HPs)
             Began as a Djinni Fire Elementalist on Mar 30, 2022.
             Mangled by a scorpion (8 damage)
             ... on level 3 of the Dungeon.
             The game lasted 00:04:58 (3126 turns).

DasRunzen the Ducker (Djinni Fire Elementalist)     Turns: 3126, Time: 00:04:59

Health: -6/38      AC:  4    Str:  7    XL:     5   Next: 13%
Gold:   73         EV: 13    Int: 20    God:
                   SH:  0    Dex: 14

rFire   + + .      SeeInvis .   c - +2 dagger (holy)
rCold   x . .      Faith    .   (no shield)
rNeg    . . .      Spirit   .   a - +0 robe
rPois   ∞          Reflect  .   (no helmet)
rElec   .          Harm     .   (no cloak)
rCorr   .          Rampage  .   (no gloves)
Will    .....                   (boots unavailable)
Stlth   ++........              (no amulet)
HPRegen 0.12/turn               (no ring)
MPRegen 0.00/turn               (no ring)

@: flying
A: sickness immunity, fire resistance 2, cold vulnerability 1, float, innate
caster, HP casting, extra vitality 1, iridescent scales 1, clever 1
a: no special abilities


You were on level 3 of the Dungeon.
You visited 1 branch of the dungeon, and saw 3 of its levels.

You collected 73 gold pieces.

Inventory:

Hand Weapons
 c - a +2 dagger of holy wrath (weapon)
Armour
 a - a +0 robe (worn)
Jewellery
 d - a ring of willpower
Scrolls
 g - a scroll of identify {unknown}
 h - a scroll of amnesia {unknown}
Potions
 b - 2 potions of mutation
 e - a potion of degeneration {unknown}
 f - 2 potions of lignification {unknown}


   Skills:
 + Level 1.9 Fighting
 + Level 2.0 Armour
 + Level 3.2 Dodging
 - Level 1.5 Stealth
 + Level 2.9 Spellcasting


You couldn't memorise any spells.
You knew the following spells:

 Your Spells              Type           Power      Damage    Failure   Level
a - Foxfire               Conj/Fire      56%        2x1d6     4%          1
b - Scorch                Fire           28%        2d6       6%          2
c - Conjure Flame         Conj/Fire      14%        6-21      13%         3
d - Inner Flame           Hex/Fire       14%        N/A       13%         3
e - Flame Wave            Conj/Fire      14%        2d6       38%         4
f - Slow                  Hex            56%        N/A       4%          1
g - Blink                 Tloc           28%        N/A       6%          2
Your spell library was empty.

Dungeon Overview and Level Annotations

Branches:
Dungeon (3/15)

Altars:

Annotations:
D:3 1 runed translucent door, Crazy Yiuf


Innate Abilities, Weirdness & Mutations

You are immune to sickness and miasma.
You are immune to poison.
Your flesh is very heat resistant. (rF++)
You are vulnerable to cold. (rC-)
You float through the air rather than walking.
You learn spells naturally, not from books.
Your magical power is your life essence.
You have superior vitality. (+4 MHP)
You are partially covered in iridescent scales. (AC +2)
Your mind is acute. (Int +2)


Message History

The foxfire hits the jackal.
The jackal is moderately wounded.
Casting: Foxfire (safe; 4% risk of failure)
Confirm with . or Enter, or press ? or * to list all spells.
You conjure some foxfire!
The scorpion stings you.
* * * LOW HITPOINT WARNING * * *
The foxfire hits the jackal.
The jackal is almost dead.
The foxfire hits the jackal.
You kill the jackal!
Casting: Foxfire (safe; 4% risk of failure)
Confirm with . or Enter, or press ? or * to list all spells.
You conjure some foxfire!
* * * LOW HITPOINT WARNING * * *
The scorpion stings you.
* * * LOW HITPOINT WARNING * * *
The scorpion barely misses you.
The foxfire hits the scorpion.
The scorpion is lightly wounded.
The foxfire hits the scorpion.
The scorpion is lightly wounded.
The scorpion stings you but does no damage.
Your magical contamination has completely faded away.
Casting: Foxfire (safe; 4% risk of failure)
Confirm with . or Enter, or press ? or * to list all spells.
You conjure some foxfire!
* * * LOW HITPOINT WARNING * * *
You hear the slow rusting of a drain very nearby.
The scorpion stings you!
* * * LOW HITPOINT WARNING * * *
Okay, then.
It was a potion of mutation.
You feel extremely strange.
You feel clever.
Iridescent scales grow over part of your body.
The foxfire hits the scorpion but does no damage.
The scorpion is lightly wounded.
The foxfire hits the scorpion but does no damage.
The scorpion is lightly wounded.
The scorpion stings you!
You die...

###.....###.# #.§..##..#..#
#.......# # #..###.##
#.###..# #.###############
.#.†.)..# #................
....†...###################
.....†...s...# #
......#.†.@..# #
......#..§...#
##############


You could see a scorpion.

Vanquished Creatures
  The ghost of dangdung the Insei, a weakling OpTm (D:3)
  An adder (D:2)
  A river rat (D:3)
  A dart slug (D:1)
  A worm (D:2)
  2 endoplasms
  5 giant cockroaches
  4 hobgoblins
  4 jackals (D:3)
  A quokka (D:1)
  6 ball pythons
  6 frilled lizards
  4 goblins
  7 kobolds
  7 rats
51 creatures vanquished.

Vanquished Creatures (others)
  193 foxfires
193 creatures vanquished.

Grand Total: 244 creatures vanquished

Notes
Turn   | Place    | Note
-------+----------+-------------------------------------------
     0 | D:1      | DasRunzen the Djinni Fire Elementalist began the quest for
                  | the Orb.
     0 | D:1      | Reached XP level 1. HP: 15/15 MP: 0/0
   646 | D:1      | Reached XP level 2. HP: 17/22 MP: 0/0
   880 | D:1      | Reached skill level 1 in Armour
  1112 | D:1      | Reached skill level 1 in Fighting
  1112 | D:1      | Reached XP level 3. HP: 24/27 MP: 0/0
  1112 | D:1      | Learned a level 1 spell: Slow
  1222 | D:1      | Found a faded altar of an unknown god.
  2419 | D:2      | Reached XP level 4. HP: 21/32 MP: 0/0
  2946 | D:3      | Found a runed translucent door.
  2948 | D:3      | Noticed dangdung's ghost (weakling OpTm)
  2966 | D:3      | Reached skill level 3 in Dodging
  2967 | D:3      | Killed dangdung's ghost
  2968 | D:3      | Reached XP level 5. HP: 9/38 MP: 0/0
  2968 | D:3      | Learned a level 2 spell: Blink
  2979 | D:3      | Found a runed translucent door.
  3053 | D:3      | Found a runed translucent door.
  3054 | D:3      | Noticed Crazy Yiuf
  3125 | D:3      | HP: 1/38 [scorpion (7)]
  3126 | D:3      | Gained mutation: Your mind is acute. (Int +2) [potion of
                  | mutation]
  3126 | D:3      | Gained mutation: You are partially covered in iridescent
                  | scales. (AC +2) [potion of mutation]
  3126 | D:3      | Mangled by a scorpion

Illustrated notes

Levels and vault maps discovered:
D:1:      dpeg_arrival_rhombi, layout_basic,
          hellmonk_ecumenical_altar_inner_sanctum
D:2:      layout_loops_cross
D:3:      layout_rooms, gup_sewer_entry_bowl, ebering_ghost_sewer_f,
          uniq_crazy_yiuf_cottage, uniq_terence

Skill      XL: |  1  2  3  4  5 |
---------------+----------------+-----
Armour         | 1 2 |  2.0
Fighting       | 1 |  1.9
Dodging        | 3 |  3.2
Stealth        | |  1.5
Spellcasting   | |  2.9

Action                   |  1- 3 |  4- 6 || total
-------------------------+-------+-------++-------
 Cast: Foxfire           |   101 |    27 ||   128
       Scorch            |     1 |     8 ||     9
  Use: Scroll            |     1 |     2 ||     3
       Potion            |       |     1 ||     1
Armor: Robe              |     1 |     3 ||     4
Dodge: Dodged            |     1 |     6 ||     7
